 Dungeon Crawl Stone Soup version 0.29.1-15-g9cfb28693d (webtiles) character file.

Game seed: 13878592709876432796

7174 MacCMillion the Grappler (level 10, -7/102 HPs)
             Began as a Troll Fighter on Feb 21, 2023.
             Mangled by a yak (8 damage)
             ... on level 11 of the Dungeon.
             The game lasted 00:11:46 (7519 turns).

MacCMillion the Grappler (Troll Fighter)            Turns: 7519, Time: 00:11:47

Health: -7/102     AC:  8    Str: 32    XL:     10   Next: 86%
Magic:  9/9        EV: 10    Int:  8    God:
Gold:   519        SH: 10    Dex: 15    Spells: 9/9 levels left

rFire   . . .      SeeInvis .     - Unarmed
rCold   . . .      Faith    .   b - +0 kite shield
rNeg    . . .      Spirit   .   G - +0 acid dragon scales
rPois   .          Reflect  .   x - +0 hat
rElec   .          Harm     .   l - scarf {repulsion}
rCorr   +          Rampage  .   (gloves unavailable)
Will    .....                   (boots unavailable)
Stlth   +.........              (no amulet)
HPRegen 1.07/turn               j - +6 ring of strength
MPRegen 0.11/turn               r - +6 ring of dexterity

@: repel missiles
A: large, unfitting armour, claws 3, regeneration 1, shaggy fur 1, tough skin 1
a: no special abilities


You were on level 11 of the Dungeon.
You visited 2 branches of the dungeon, and saw 12 of its levels.

You collected 519 gold pieces.

Inventory:

Missiles
 g - 4 throwing nets (quivered)
Armour
 a - a +0 robe
 b - a +0 kite shield (worn)
 l - a scarf of repulsion (worn)
 v - +0 steam dragon scales
 x - a +0 hat (worn)
 G - +0 acid dragon scales (worn)
Jewellery
 i - a ring of protection from cold
 j - a +6 ring of strength (left claw)
 r - a +6 ring of dexterity (right claw)
Wands
 p - a wand of iceblast (7)
 D - a wand of quicksilver (3)
Scrolls
 e - 3 scrolls of magic mapping
 o - 6 scrolls of enchant armour {unknown}
 u - a scroll of enchant weapon {unknown}
 w - 4 scrolls of identify
 y - a scroll of fear {unknown}
 A - a scroll of blinking {unknown}
 B - a scroll of amnesia {unknown}
 C - a scroll of poison {unknown}
 E - a scroll of silence {unknown}
Potions
 c - 2 potions of might
 d - 4 potions of curing
 f - 3 potions of attraction
 h - 5 potions of heal wounds
 k - a potion of berserk rage
 m - 2 potions of flight
 n - a potion of resistance
 q - a potion of ambrosia
 s - 4 potions of haste {unknown}
 t - a potion of magic {unknown}
 z - a potion of degeneration {unknown}
 F - a potion of mutation {unknown}


   Skills:
 + Level 7.1 Fighting
 + Level 5.1 Dodging
 + Level 7.8 Shields
 * Level 11.4 Unarmed Combat


You had 9 spell levels left.
You didn't know any spells.
Your spell library contained the following spells:

 Spells                   Type           Power      Damage    Failure   Level
 Foxfire                  Conj/Fire      0%         2x1d4     71%         1
 Conjure Flame            Conj/Fire      0%         6-21      97%         3
 Gell's Gravitas          Tloc           0%         N/A       97%         3
 Ignite Poison            Fire/Tmut/Pois 0%         N/A       97%         3
 Inner Flame              Hex/Fire       0%         N/A       97%         3
 Teleport Other           Tloc           0%         N/A       97%         3
 Flame Wave               Conj/Fire      0%         2d4       100%        4
 Sticky Flame             Conj/Fire      0%         2d3       100%        4
 Dispersal                Tloc           0%         N/A       100%        6


Dungeon Overview and Level Annotations

Branches:
Dungeon (11/15)            Temple (1/1) D:7            Lair (0/5) D:8
    Orc (0/2) D:9

Altars:
Ashenzari
Cheibriados
Dithmenos
Elyvilon
Gozag
Hepliaklqana
Kikubaaqudgha
Makhleb
Nemelex Xobeh
Okawaru
Qazlal
Ru
Sif Muna
Trog
Uskayaw
Vehumet
Xom
Yredelemnul
Zin
The Shining One

Shops:
D:1 [   D:3 (   D:4 (*   D:6 =

Annotations:
D:9 exclusions: electric eel, 2 lindwurms and orc priest
D:10 Erolcha
D:11 1 transporter


Innate Abilities, Weirdness & Mutations

You are too large for most types of armour.
You have claws for hands.
Your natural rate of healing is unusually fast.
You are covered in fur. (AC +1)
You have tough skin. (AC +1)


Message History

You are too injured to fight recklessly!
You are too injured to fight recklessly!
Unknown command.
You claw the yak!
The yak is moderately wounded.
The yak barely misses you. You block the yak's attack.
The yak barely misses you. The yak gores you! The yak gores you.
You barely miss the yak.
The yak is moderately wounded.
You block the yak's attack. x2; The yak gores you.
The yak gores you but does no damage. The yak gores you.
You completely miss the yak.
The yak is moderately wounded.
You block the yak's attack. The yak closely misses you. The yak gores you!
* * * LOW HITPOINT WARNING * * *
You block the yak's attack. The yak gores you!
* * * LOW HITPOINT WARNING * * *
You claw the yak!
The yak is heavily wounded.
You block the yak's attack. x2; The yak barely misses you.
The yak closely misses you. x2
You mangle the yak!!
You kill the yak!
Unknown command.
You closely miss the yak.
The yak is severely wounded.
The yak gores you!
* * * LOW HITPOINT WARNING * * *
The yak gores you!
* * * LOW HITPOINT WARNING * * *
The yak gores you.
* * * LOW HITPOINT WARNING * * *
The yak closely misses you.
You scratch the yak.
The yak is severely wounded.
You block the yak's attack. The yak gores you but does no damage.
The yak gores you.
* * * LOW HITPOINT WARNING * * *
The yak gores you!
You die...

## # ##
# ##
####
##©#©##
#8...8#
#...Y.#
#...Y@#
#...YY#
#.....#
###.###
.. #.#
#. ..


You could see 4 yaks.

Vanquished Creatures
  Gastronok (D:8)
  Maurice (D:8)
  Maggie (D:8)
  A kobold demonologist (D:9)
  Prince Ribbit (D:7)
  Sigmund (D:5)
  2 wyverns
  7 yaks
  A steam dragon (D:7)
  Menkaure (D:5)
  2 acid dragons (D:10)
  A water moccasin (D:5)
  A black bear (D:4)
  5 orc warriors (D:9)
  An ice beast (D:7)
  An ogre (D:5)
  3 centaurs
  A phantom (D:7)
  3 kobold brigands
  5 bullfrogs
  2 necrophages (D:6)
  2 scorpions
  4 wights (D:7)
  2 killer bees (D:7)
  2 howler monkeys
  A quasit (D:8)
  3 jellies
  A gnoll bouda (D:8)
  2 orc priests (D:9)
  6 hounds
  3 iguanas
  Natasha (thrice) (D:4)
  6 orc wizards
  5 adders
  6 gnolls
  A dart slug (D:4)
  37 orcs
  4 bats
  4 endoplasms
  5 goblins
  10 hobgoblins
  18 kobolds
  A quokka (D:1)
  5 ball pythons
  3 frilled lizards
  A goblin skeleton (D:8)
  A kobold skeleton (D:8)
  A kobold zombie (D:8)
  2 orc skeletons (D:8)
  3 orc zombies (D:8)
  2 rats
186 creatures vanquished.

Vanquished Creatures (others)
  An orc (D:5)
  4 plants (D:8)
5 creatures vanquished.

Grand Total: 191 creatures vanquished

Notes
Turn   | Place    | Note
-------+----------+-------------------------------------------
     0 | D:1      | MacCMillion the Troll Fighter began the quest for the Orb.
     0 | D:1      | Reached XP level 1. HP: 22/22 MP: 0/0
   171 | D:1      | Found Vughypoa's Armour Shoppe.
   199 | D:1      | Reached XP level 2. HP: 29/29 MP: 1/1
   637 | D:1      | Reached XP level 3. HP: 27/36 MP: 2/2
   773 | D:2      | Found a faded altar of an unknown god.
   894 | D:2      | Reached skill level 3 in Unarmed Combat
  1072 | D:3      | Found Tuluod's Weapon Boutique.
  1107 | D:3      | Found an opulent altar of Gozag.
  1204 | D:4      | Reached XP level 4. HP: 17/45 MP: 3/3
  1438 | D:4      | Found Ceex's Fire Supplies.
  1464 | D:4      | Noticed Natasha
  1476 | D:4      | Killed Natasha
  1499 | D:4      | Reached skill level 4 in Unarmed Combat
  1499 | D:4      | Reached XP level 5. HP: 45/53 MP: 4/4
  1657 | D:4      | Noticed a black bear
  1666 | D:4      | Killed a black bear
  1667 | D:4      | Reached XP level 6. HP: 22/61 MP: 5/5
  1767 | D:4      | Noticed Natasha
  1771 | D:4      | Killed Natasha
  1847 | D:4      | Found Cuado's Antique Weapon Shop.
  1957 | D:4      | Noticed Natasha
  1963 | D:4      | Killed Natasha
  1968 | D:5      | Entered Level 5 of the Dungeon
  1973 | D:5      | Reached skill level 5 in Unarmed Combat
  2034 | D:5      | Reached XP level 7. HP: 36/68 MP: 6/6
  2037 | D:5      | Noticed Sigmund
  2263 | D:5      | Noticed Menkaure
  2331 | D:6      | Reached skill level 6 in Unarmed Combat
  2359 | D:6      | Found a hide-covered altar of Uskayaw.
  2554 | D:6      | Found Paprujeq's Jewellery Emporium.
  2664 | D:6      | Reached skill level 5 in Shields
  2664 | D:6      | Reached XP level 8. HP: 58/79 MP: 7/7
  2840 | D:6      | Reached skill level 7 in Unarmed Combat
  3301 | D:7      | Found a staircase to the Ecumenical Temple.
  3313 | Temple   | Entered the Ecumenical Temple
  3340 | D:7      | Reached skill level 5 in Fighting
  3408 | D:7      | Reached skill level 8 in Unarmed Combat
  3439 | D:7      | Noticed Prince Ribbit
  3452 | D:7      | Killed Prince Ribbit
  3756 | D:7      | Reached XP level 9. HP: 41/83 MP: 8/8
  4054 | D:8      | Found a staircase to the Lair.
  4109 | D:8      | Noticed Gastronok
  4134 | D:8      | Killed Gastronok
  4135 | D:8      | Reached skill level 9 in Unarmed Combat
  4172 | D:8      | Noticed Maurice
  4429 | D:8      | Killed Maurice
  4430 | D:8      | Reached skill level 10 in Unarmed Combat
  4647 | D:8      | Found a glowing golden altar of the Shining One.
  4675 | D:8      | Noticed Maggie
  4685 | D:8      | Killed Maggie
  4686 | D:8      | Reached XP level 10. HP: 94/100 MP: 9/9
  4767 | D:8      | Found a radiant altar of Vehumet.
  5577 | D:5      | Killed Sigmund
  5759 | D:5      | Killed Menkaure
  6444 | D:9      | Noticed a lindwurm
  6518 | D:9      | Noticed a sixfirhy
  6602 | D:9      | Found a sacrificial altar of Ru.
  6782 | D:9      | Reached skill level 11 in Unarmed Combat
  7018 | D:9      | Found a staircase to the Orcish Mines.
  7053 | D:9      | Found a sparkling altar of Nemelex Xobeh.
  7053 | D:9      | Found an ancient bone altar of Kikubaaqudgha.
  7060 | D:9      | Found a snail-covered altar of Cheibriados.
  7063 | D:9      | Found a broken altar of Ashenzari.
  7082 | D:9      | Found a glowing silver altar of Zin.
  7329 | D:9      | Noticed a lindwurm
  7329 | D:9      | Noticed a lindwurm
  7368 | D:10     | Entered Level 10 of the Dungeon
  7420 | D:10     | Reached skill level 5 in Dodging
  7495 | D:10     | Noticed Erolcha
  7507 | D:11     | Found a transporter.
  7518 | D:11     | HP: 3/102 [yak (3)]
  7519 | D:11     | HP: 1/102 [yak (3)]
  7519 | D:11     | Mangled by a yak

Illustrated notes

Levels and vault maps discovered:
D:1:      minmay_arrival_shattered_statue, layout_basic, serial_shops,
          nicolae_shop_crystal, nrook_mini_vaults
D:2:      minmay_recursive_quarters, layout_basic, basic_ecumenical_altar,
          uniq_crazy_yiuf_cottage
D:3:      layout_basic, grunt_gozag_breadcrumbs, mainiacjoe_overflow_two_lobes,
          serial_shops, shop, uniq_ijyb
D:4:      layout_basic, serial_shops, nicolae_shop_statue_plus,
          minmay_misc_feat_square, nicolae_shop_fire_sale
          [nicolae_sub_dead_trees], minmay_goblin_kobold_house, uniq_natasha
D:5:      layout_basic, uniq_menkaure, uniq_sigmund
D:6:      layout_basic, mainiacjoe_overflow_catwalk, serial_shops,
          nicolae_shop_statue_plus
D:7:      layout_cave_pods, minmay_temple_entry_sparse_star, uniq_prince_ribbit1
D:8:      layout_basic, lemuel_tele_altar, nicolae_tso_besieged_by_evil,
          lair_entry_dummy, nicolae_looking_at_the_future, uniq_maggie,
          uniq_maurice, uniq_gastronok
D:9:      layout_loops_ring, nicolae_ru_awakened_eye,
          chequers_temple_overflow_minitemple, erik_orc_2, minmay_lindwurm_lava
D:10:     layout_gridville, uniq_erolcha
D:11:     layout_roguey, serial_corexii_hall, chequers_hall_statues_y,
          corexii_hall_statues_i, nicolae_transporter_intersection
Temple:   hellmonk_temple_micro_hex

Skill      XL: |  1  2  3  4  5  6  7  8  9 10 |
---------------+-------------------------------+-----
Shields        | 3 4 5 6 7 |  7.8
Unarmed Combat | 3 4 5 6 8 10 11 | 11.4
Fighting       | 3 4 5 6 7 |  7.1
Dodging        | 4 5 |  5.1

Action                   |  1- 3 |  4- 6 |  7- 9 | 10-12 || total
-------------------------+-------+-------+-------+-------++-------
Melee: Unarmed           |   100 |    79 |   224 |   161 ||   564
  Use: Scroll            |       |     6 |     1 |       ||     7
 Stab: Sleeping          |     1 |       |     2 |     1 ||     4
Armor: Robe              |    37 |    24 |     9 |       ||    70
       Steam dragon scal |       |       |    32 |    21 ||    53
       Acid dragon scale |       |       |       |     4 ||     4
Dodge: Dodged            |    32 |    26 |    66 |    59 ||   183
       Repelled          |       |       |     1 |       ||     1
Block: Kite shield       |    28 |    25 |    90 |    99 ||   242
